 Dungeon Crawl Stone Soup version 0.27-a0-869-g165b36e3f0 (webtiles) character file.

Game seed: 4554640198423589157

42 rageheart7 the Ruffian (level 3, -8/31 HPs)
             Began as a Naga Transmuter on Apr 2, 2021.
             Mangled by a hornet zombie (14 damage)
             ... on level 2 of the Dungeon.
             The game lasted 00:02:35 (2500 turns).

rageheart7 the Ruffian (Naga Transmuter)            Turns: 2500, Time: 00:02:35

Health: -8/31      AC:  2    Str: 13    XL:     3   Next: 54%
Magic:  5/6        EV:  9    Int: 13    God:
Gold:   93         SH:  0    Dex: 11    Spells: 5/6 levels left

rFire    . . .     SeeInvis +     - Unarmed
rCold    . . .     Faith    .   (no shield)
rNeg     . . .     Spirit   .   a - +0 robe
rPois    +         Reflect  .   (helmet currently unavailable)
rElec    .         Harm     .   (no cloak)
rCorr    .         Rampage  .   (no gloves)
Will     .....                  (no barding)
Stlth    +.........             (no amulet)
HPRegen  0.10/turn              (no ring)
MPRegen  0.10/turn              (no ring)

@: appendages, very slow
A: horns 2, AC +1, large, see invisible, deformed body, poison resistance,
slowness 2, spit poison 1, naga tail 1
a: Spit Poison, End Transformation


You were on level 2 of the Dungeon.
You had temporarily grown beastly horns.
You visited 1 branch of the dungeon, and saw 2 of its levels.

You collected 93 gold pieces.

Inventory:

Armour
 a - a +0 robe (worn)
Scrolls
 d - a scroll of teleportation {unknown}
 e - a scroll of fog {unknown}
 g - a scroll of blinking {unknown}
 h - a scroll of identify {unknown}
 i - a scroll of fear {unknown}
Potions
 b - a potion of heal wounds {unknown}
 c - a potion of curing {unknown}
 f - a potion of might {unknown}
 j - a potion of lignification {unknown}


   Skills:
 + Level 1.6 Fighting
 - Level 1.5 Dodging
 + Level 3.3 Unarmed Combat
 + Level 2.3 Spellcasting
 * Level 2.8 Transmutations


You had 5 spell levels left.
You knew the following spells:

 Your Spells              Type           Power      Damage    Failure   Level
a - Beastly Appendage     Tmut           16%        N/A       8%          1

Your spell library contained the following spells:

 Spells                   Type           Power      Damage    Failure   Level
 Wereblood                Tmut           8%         N/A       12%         2
 Spider Form              Tmut/Pois      2%         N/A       38%         3
 Ice Form                 Ice/Tmut       5%         N/A       80%         4
 Hydra Form               Tmut           4%         N/A       91%         5


Dungeon Overview and Level Annotations

Branches:
Dungeon (2/15)

Altars:

Shops:
D:1 !


Innate Abilities, Weirdness & Mutations

You have temporarily grown beastly horns.
Your serpentine skin is tough. (AC +1)
You have supernaturally acute eyesight. (SInv)
Armour fits poorly on your strangely shaped body.
Your system is resistant to poisons. (rPois)
You cover ground very slowly.
You can spit poison.
You have a snake-like lower body.


Message History

No target in view!
No target in view!
No target in view!
No target in view!
No target in view!
No target in view!
No target in view!
No target in view!
No target in view!
Your transformation is almost over.
Your horns disappear.
You see here a +0 club.
You now have 74 gold pieces (gained 4).
i - a scroll labelled PIGINW IDWIRPH
j - a glowing amethyst potion You now have 93 gold pieces (gained 19).
Found a dagger.
A hornet zombie comes into view.
Casting: Beastly Appendage (safe; 8% risk of failure)
Confirm with . or Enter, or press ? or * to list all spells.
You grow a pair of large bovine horns.
The hornet zombie hits you! The hornet zombie hits you.
The hornet zombie completely misses you.
You barely miss the hornet zombie.
You headbutt the hornet zombie, but do no damage.
The hornet zombie hits you.
You hit the hornet zombie but do no damage.
The hornet zombie closely misses you.
You hit the hornet zombie.
The hornet zombie is lightly damaged.
The hornet zombie hits you!
* * * LOW HITPOINT WARNING * * *
You barely miss the hornet zombie.
You punch the hornet zombie, but do no damage.
The hornet zombie is lightly damaged.
The hornet zombie barely misses you.
You hit the hornet zombie but do no damage.
The hornet zombie is lightly damaged.
The hornet zombie hits you!
You die...

#.# #..#
######
..####### #.#
#... ......
........## #.#
#.## ....#
####..# #.#
#.# ....##
#...#.###.#
#.# ......
#...#..##.#
....##
#...##.##.#
......
####...##.##.#
....##
#.Z@...+.....#
#####
#.##...###.###
#. ##### #.#
#. #). #. ##.#
#. .# #. .. #.
#. .#


You could see a hornet zombie.

Vanquished Creatures
  An adder (D:2)
  A worm (D:2)
  4 ball pythons
  An endoplasm (D:2)
  2 giant cockroaches (D:1)
  2 goblins
  2 hobgoblins (D:1)
  2 jackals (D:1)
  A quokka (D:1)
  A bat (D:1)
  3 frilled lizards (D:1)
  3 kobolds (D:1)
  7 rats (D:1)
30 creatures vanquished.

Notes
Turn   | Place    | Note
-------+----------+-------------------------------------------
     0 | D:1      | rageheart7 the Naga Transmuter began the quest for the Orb.
     0 | D:1      | Reached XP level 1. HP: 18/18 MP: 3/3
   126 | D:1      | Found Kaeppure's Distillery.
   312 | D:1      | Reached XP level 2. HP: 22/25 MP: 5/5
   929 | D:1      | Found a faded altar of an unknown god.
  1735 | D:1      | Reached XP level 3. HP: 27/31 MP: 4/6
  2500 | D:2      | Mangled by a hornet zombie

Illustrated notes

Levels and vault maps discovered:
D:1:      dpeg_arrival_ratfight, layout_basic, basic_ecumenical_altar,
          serial_shops, nicolae_shop_stone
D:2:      layout_basic, serial_shops, nicolae_shop_stone

Action                   || total
-------------------------++-------
Melee: Unarmed           ||   111
       Headbutt          ||    10
       Punch             ||     2
 Cast: Beastly Appendage ||    20
Armor: Robe              ||     8
Dodge: Dodged            ||    45

Table legend: (Time is in decaauts)
 A = Elapsed time spent in this place.
 B = Non-inter-level travel time spent in this place.
 C = Inter-level travel time spent in this place.
 D = Time resting spent in this place.
 E = Time spent auto-exploring this place.
 F = Levels seen in this place.
 G = Mean time per level.
                   A        B        C        D        E       F      G
               +--------+--------+--------+--------+--------+-----+--------+
         Total |   2911 |   2815 |     96 |      0 |   2587 |   2 | 1455.5 |
       Dungeon |   2911 |   2815 |     96 |      0 |   2587 |   2 | 1455.5 |
               +--------+--------+--------+--------+--------+-----+--------+

Top non-repeatable levels by time:
     D:1: 2204 daAuts
     D:2: 707 daAuts
